[ AOE2 MATCH · #505119400 ]
UnrankedBerbers vs Teutons
Player's team · LOSS
Rival team · WIN
[ REPLAY ANALYSIS · EXTRACTED FROM THE RECORDED GAME ]
Feudal
12:51
Castle
30:37
Imperial
—
| APM avg | 28.9 |
| APM peak | 57 |
| eAPM avg | 12.8 |
| Villagers / military | 42 / 41 |
Focus
⚔️ 29.1% · 🌾 70.9%
Militia ×30 · Skirmisher ×7 · Knight ×4
Feudal
9:52
Castle
29:49
Imperial
—
| APM avg | 27.5 |
| APM peak | 58 |
| eAPM avg | 13.5 |
| Villagers / military | 51 / 34 |
Focus
⚔️ 35.9% · 🌾 64.1%
Archer ×26 · Militia ×8
Match map
Initial resources + every placement click. Lines = walls · curves = elevation contours. ◆ gold · ⬟ stone · ● berries · ✦ relic · ◌ wall gap
Your base· ✓ Closed at 30:37 · 2t walls · 3 gate(s)
Kinait's base· ✓ Closed at 29:49 · 0t walls · 3 gate(s)
Smoothed initial terrain · ◌ = detected wall gap · hover for details
Inputs per minute
— Astaroth - - Kinait
Build order — Astaroth
137 actions detected in the replay
| 0:00 | Queue | Villager (Male) |
| 0:01 | Queue | Villager (Male) |
| 0:02 | Build | House |
| 0:04 | Build | House |
| 0:34 | Queue | Villager (Male) |
| 0:50 | Queue | Villager (Male) |
| 1:35 | Queue | Villager (Male) |
| 1:46 | Build | Lumber Camp |
| 2:08 | Queue | Villager (Male) |
| 2:31 | Queue | Villager (Male) |
| 3:01 | Queue | Villager (Male) |
| 3:21 | Queue | Villager (Male) |
| 3:54 | Queue | Villager (Male) |
| 3:55 | Build | House |
| 4:16 | Queue | Villager (Male) |
| 4:22 | Build | Mill |
| 4:41 | Queue | Villager (Male) |
| 5:04 | Queue | Villager (Male) |
| 5:29 | Queue | Villager (Male) |
| 5:39 | Queue | Villager (Male) |
| 6:01 | Queue | Villager (Male) |
| 6:03 | Build | House |
| 6:13 | Queue | Villager (Male) |
| 6:37 | Queue | Villager (Male) |
| 7:22 | Queue | Villager (Male) |
| 7:41 | Queue | Villager (Male) |
| 8:03 | Queue | Villager (Male) |
| 8:28 | Queue | Villager (Male) |
| 8:29 | Build | House |
| 9:02 | Queue | Villager (Male) |
| 9:24 | Build | Mining Camp |
| 9:51 | Queue | Villager (Male) |
| 9:51 | Research | Feudal Age |
| 10:15 | Research | Loom |
| 10:18 | Build | Barracks |
| 10:36 | Research | Feudal Age |
| 10:56 | Queue | Militia |
| 11:20 | Queue | Militia |
| 11:37 | Build | House |
| 11:51 | Build | Farm |
| 11:51 | Build | Farm |
| 11:51 | Build | Farm |
| 11:52 | Build | Farm |
| 11:52 | Build | Farm |
| 11:52 | Build | Farm |
| 11:53 | Build | Farm |
| 11:54 | Build | Farm |
| 11:56 | Queue | Militia |
| 12:01 | Build | House |
| 12:28 | Queue | Militia |
| 12:44 | Queue | Villager (Male) |
| 12:51 | Age | Feudal Age |
| 12:52 | Build | Watch Tower |
| 12:55 | Research | Man-at-Arms (upgrade) |
| 12:57 | Build | Blacksmith |
| 13:01 | Queue | Villager (Male) |
| 13:41 | Queue | Villager (Male) |
| 13:45 | Build | Farm |
| 13:53 | Queue | Militia |
| 14:47 | Queue | Militia |
| 15:15 | Queue | Militia |
| 15:27 | Research | Fletching |
| 15:28 | Queue | Militia |
| 15:37 | Queue | Villager (Male) |
| 15:47 | Queue | Villager (Male) |
| 15:54 | Queue | Militia |
| 16:11 | Build | Mining Camp |
| 16:12 | Queue | Villager (Male) |
| 16:22 | Queue | Militia |
| 16:28 | Queue | Villager (Male) |
| 16:53 | Queue | Villager (Male) |
| 17:00 | Queue | Militia |
| 17:02 | Research | Scale Mail Armor |
| 17:14 | Queue | Militia |
| 17:32 | Queue | Militia |
| 17:38 | Build | Archery Range |
| 17:40 | Queue | Villager (Male) |
| 17:45 | Queue | Militia |
| 18:03 | Research | Arson |
| 18:13 | Queue | Villager (Male) |
| 18:27 | Build | Palisade Wall |
| 18:28 | Build | Palisade Wall |
| 18:34 | Queue | Militia |
| 18:44 | Queue | Militia |
| 18:57 | Queue | Militia |
| 19:02 | Queue | Skirmisher |
| 19:11 | Queue | Villager (Male) |
| 19:14 | Queue | Militia |
| 19:20 | Queue | Skirmisher |
| 19:33 | Build | Farm |
| 19:40 | Queue | Skirmisher |
| 19:59 | Queue | Villager (Male) |
| 19:59 | Queue | Militia |
| 20:05 | Build | Farm |
| 20:13 | Research | Forging |
| 20:20 | Queue | Skirmisher |
| 20:27 | Build | House |
| 20:29 | Build | Farm |
| 20:34 | Queue | Skirmisher |
| 20:36 | Queue | Militia |
| 20:38 | Build | House |
| 21:52 | Queue | Militia |
| 22:08 | Queue | Militia |
| 22:18 | Build | Farm |
| 22:31 | Build | Farm |
| 22:39 | Queue | Skirmisher |
| 22:58 | Queue | Militia |
| 23:37 | Build | Farm |
| 23:58 | Build | Watch Tower |
| 24:52 | Queue | Militia |
| 24:53 | Queue | Militia |
| 24:55 | Queue | Villager (Male) |
| 25:13 | Queue | Militia |
| 25:23 | Queue | Militia |
| 25:32 | Queue | Militia |
| 27:16 | Build | Market |
| 27:17 | Queue | Villager (Male) |
| 27:57 | Research | Castle Age |
| 28:11 | Queue | Militia |
| 28:14 | Queue | Skirmisher |
| 28:23 | Build | Stable |
| 28:24 | Build | Stable |
| 28:35 | Queue | Militia |
| 28:57 | Build | Watch Tower |
| 29:24 | Build | Lumber Camp |
| 29:25 | Queue | Villager (Male) |
| 29:42 | Queue | Villager (Male) |
| 30:15 | Queue | Villager (Male) |
| 30:22 | Queue | Villager (Male) |
| 30:37 | Age | Castle Age |
| 30:39 | Queue | Knight |
| 30:39 | Queue | Knight |
| 30:41 | Build | Farm |
| 30:54 | Build | Farm |
| 31:03 | Build | Farm |
| 31:07 | Queue | Knight |
| 31:21 | Queue | Knight |
Build order — Kinait
142 actions detected in the replay
| 0:01 | Queue | Villager (Male) |
| 0:01 | Queue | Villager (Male) |
| 0:01 | Queue | Villager (Male) |
| 0:02 | Build | House |
| 0:04 | Build | House |
| 0:10 | Queue | Villager (Male) |
| 1:08 | Queue | Villager (Male) |
| 1:35 | Queue | Villager (Male) |
| 2:14 | Queue | Villager (Male) |
| 2:21 | Build | Lumber Camp |
| 2:58 | Queue | Villager (Male) |
| 3:04 | Queue | Villager (Male) |
| 3:15 | Queue | Villager (Male) |
| 3:34 | Build | House |
| 3:43 | Queue | Villager (Male) |
| 4:11 | Queue | Villager (Male) |
| 4:13 | Queue | Villager (Male) |
| 4:19 | Build | Mill |
| 4:39 | Queue | Villager (Male) |
| 4:52 | Queue | Villager (Male) |
| 5:49 | Queue | Villager (Male) |
| 6:14 | Build | House |
| 6:32 | Build | Barracks |
| 6:48 | Queue | Villager (Male) |
| 7:08 | Research | Loom |
| 7:42 | Research | Feudal Age |
| 7:47 | Build | Mining Camp |
| 8:12 | Queue | Militia |
| 8:33 | Build | Mining Camp |
| 8:38 | Queue | Militia |
| 8:46 | Build | House |
| 9:02 | Queue | Militia |
| 9:28 | Queue | Militia |
| 9:52 | Age | Feudal Age |
| 10:00 | Queue | Militia |
| 10:07 | Queue | Villager (Male) |
| 10:20 | Research | Man-at-Arms (upgrade) |
| 10:43 | Queue | Villager (Male) |
| 10:59 | Build | Blacksmith |
| 11:00 | Queue | Villager (Male) |
| 11:15 | Build | Watch Tower |
| 11:16 | Queue | Villager (Male) |
| 11:33 | Queue | Villager (Male) |
| 11:45 | Build | House |
| 11:53 | Queue | Villager (Male) |
| 12:20 | Queue | Villager (Male) |
| 12:42 | Research | Fletching |
| 13:30 | Queue | Villager (Male) |
| 13:49 | Queue | Villager (Male) |
| 14:09 | Build | Watch Tower |
| 14:41 | Queue | Villager (Male) |
| 15:11 | Queue | Villager (Male) |
| 15:14 | Queue | Militia |
| 15:14 | Queue | Militia |
| 15:42 | Queue | Villager (Male) |
| 15:50 | Build | Mill |
| 15:55 | Build | Farm |
| 15:55 | Build | Farm |
| 16:02 | Build | Farm |
| 16:03 | Build | Farm |
| 16:04 | Queue | Villager (Male) |
| 16:14 | Build | Farm |
| 16:21 | Build | House |
| 16:33 | Build | Archery Range |
| 16:55 | Queue | Villager (Male) |
| 17:01 | Build | Farm |
| 17:03 | Build | Farm |
| 17:26 | Queue | Archer |
| 17:42 | Queue | Villager (Male) |
| 17:56 | Queue | Villager (Male) |
| 17:59 | Queue | Archer |
| 18:11 | Queue | Villager (Male) |
| 18:20 | Queue | Archer |
| 18:27 | Research | Scale Mail Armor |
| 18:30 | Build | House |
| 19:11 | Queue | Villager (Male) |
| 19:25 | Queue | Archer |
| 19:30 | Queue | Villager (Male) |
| 19:37 | Build | Farm |
| 19:38 | Build | Farm |
| 19:39 | Queue | Villager (Male) |
| 19:51 | Queue | Archer |
| 20:00 | Queue | Villager (Male) |
| 20:09 | Queue | Archer |
| 20:14 | Build | Lumber Camp |
| 20:21 | Build | House |
| 20:34 | Queue | Militia |
| 20:40 | Build | House |
| 21:00 | Queue | Villager (Male) |
| 21:14 | Build | Watch Tower |
| 21:16 | Queue | Archer |
| 21:46 | Queue | Villager (Male) |
| 21:58 | Queue | Villager (Male) |
| 22:10 | Queue | Villager (Male) |
| 22:33 | Queue | Archer |
| 22:40 | Queue | Villager (Male) |
| 22:47 | Queue | Archer |
| 22:47 | Queue | Archer |
| 23:02 | Build | Lumber Camp |
| 23:03 | Research | Double-Bit Axe |
| 23:05 | Research | Horse Collar |
| 23:29 | Queue | Archer |
| 23:29 | Queue | Archer |
| 23:31 | Queue | Villager (Male) |
| 23:56 | Queue | Villager (Male) |
| 23:59 | Queue | Archer |
| 24:17 | Queue | Villager (Male) |
| 24:40 | Queue | Villager (Male) |
| 24:43 | Build | House |
| 24:58 | Queue | Archer |
| 25:03 | Research | Wheelbarrow |
| 25:31 | Queue | Archer |
| 25:46 | Queue | Villager (Male) |
| 26:11 | Queue | Archer |
| 26:20 | Build | Watch Tower |
| 26:25 | Research | Gold Mining |
| 26:28 | Research | Stone Mining |
| 26:38 | Build | Market |
| 26:50 | Queue | Archer |
| 27:00 | Build | Mining Camp |
| 27:09 | Research | Castle Age |
| 27:10 | Research | Castle Age |
| 27:28 | Queue | Archer |
| 27:41 | Queue | Archer |
| 27:41 | Queue | Archer |
| 27:59 | Build | House |
| 28:02 | Build | House |
| 28:12 | Build | Watch Tower |
| 28:26 | Queue | Archer |
| 28:27 | Queue | Archer |
| 29:01 | Queue | Archer |
| 29:26 | Queue | Archer |
| 29:41 | Queue | Villager (Male) |
| 29:49 | Age | Castle Age |
| 29:58 | Research | Bodkin Arrow |
| 30:04 | Queue | Archer |
| 30:21 | Build | University |
| 30:25 | Queue | Villager (Male) |
| 30:36 | Queue | Archer |
| 31:16 | Build | Watch Tower |
| 31:17 | Queue | Villager (Male) |
| 31:22 | Research | Guard Tower (upgrade) |
Match timeline
| 6:32 | Kinait · first_building Barracks |
| 9:52 | Kinait · age_up feudal |
| 10:18 | Astaroth · first_building Barracks |
| 12:51 | Astaroth · age_up feudal |
| 16:33 | Kinait · first_building Archery Range |
| 17:38 | Astaroth · first_building Archery Range |
| 18:27 | Astaroth · wall_segment Palisade Wall x1 |
| 18:28 | Astaroth · wall_segment Palisade Wall x1 |
| 27:07 | Kinait · first_market_sell 100 food |
| 28:23 | Astaroth · first_building Stable |
| 28:49 | Astaroth · first_market_buy 100 food |
| 29:49 | Kinait · age_up castle |
| 30:37 | Astaroth · age_up castle |
| 31:10 | Astaroth · first_market_sell 100 wood |
| 31:42 | Astaroth · resign |
[ AI ANALYSIS · 1 CREDIT ]
What really happened in this match?
Wolo.gg analyzes every decision: build order, eco, micro, common mistakes by bracket. Personalized analysis on WhatsApp or Discord in 30 seconds.
Civ guide
Berbers
Perfil
Astaroth